 Dungeon Crawl Stone Soup version 0.22-a0-433-gd2a9cce0b5 (webtiles) character file.

690 HANFGEIST the Nimble (level 7, -1/43 HPs)
             Began as an Octopode Transmuter on May 29, 2018.
             Succumbed to Ijyb's poison
             ... on level 3 of the Dungeon.
             The game lasted 00:05:24 (3200 turns).

HANFGEIST the Nimble (Octopode Transmuter)          Turns: 3200, Time: 00:05:25

Health: -1/43      AC:  1    Str:  9    XL:     7   Next: 63%
Magic:  8/12       EV: 28    Int: 17    God:
Gold:   104        SH:  0    Dex: 18    Spells: 6/12 levels left

rFire    . . .     SeeInvis .     - Unarmed
rCold    . . .     Gourm    .   (no shield)
rNeg     . . .     Faith    .   (helmet restricted)
rPois    .         Spirit   .   (no amulet)
rElec    .         Reflect  .   (no ring)
rCorr    .         Harm     .   (no ring)
MR       .....                  (no ring)
Stlth    ++++......             (no ring)
HPRegen  0.14/turn              (no ring)
MPRegen  0.13/turn              (no ring)
                                (no ring)
                                (no ring)

@: agile, lethally poisoned (-1 -> -61), very slightly contaminated
A: almost no armour, stealthy swim, amphibious, 8 rings, constrict 8, camouflage
1, gelatinous body 1
a: no special abilities


You were on level 3 of the Dungeon.
You were not hungry.

You visited 1 branch of the dungeon, and saw 3 of its levels.

You collected 104 gold pieces.

Inventory:

Hand Weapons
 j - a +3 scythe of flaming
Missiles
 a - 85 arrows
Scrolls
 d - 4 scrolls of remove curse {unknown}
 g - a scroll of immolation {unknown}
 i - 3 scrolls of identify {unknown}
 m - a scroll of fog {unknown}
Potions
 b - a potion of might {unknown}
 e - a potion of curing {unknown}
 n - 2 potions of heal wounds
Comestibles
 c - 5 rations


   Skills:
 + Level 1.5 Fighting
 + Level 12.6 Dodging
 + Level 3.0 Stealth
 + Level 4.2 Unarmed Combat
 + Level 3.4 Spellcasting
 + Level 3.5 Transmutations
 + Level 0.5 Poison Magic


You had 6 spell levels left.
You knew the following spells:

 Your Spells              Type           Power        Failure   Level  Hunger
a - Beastly Appendage     Tmut           ###...       3%          1    None
b - Sticks to Snakes      Tmut           ###.....     6%          2    ##.....
c - Spider Form           Tmut/Pois      #.........   22%         3    ###....

Your spell library contained the following spells:

 Spells                   Type           Power        Failure   Level  Hunger
 Blade Hands              Tmut           ###.......   71%         5    ######.
 Ice Form                 Ice/Tmut       #.......     63%         4    ####...


Dungeon Overview and Level Annotations

Branches:
Dungeon (3/15)

Altars:


Innate Abilities, Weirdness & Mutations

You cannot wear most types of armour.
You are very stealthy in the water. (Stealth+)
You are amphibious.
You can wear up to eight rings at the same time.
You can use your tentacles to constrict eight enemies at once.
Your skin changes colour to match your surroundings (Stealth+).
Your rubbery body absorbs attacks. (AC +1, EV +1)


Message History

You feel very sick. Ijyb misses you.
You hit Ijyb.
Ijyb looks as sick as possible!
Ijyb is almost dead.
You feel very sick. Ijyb hits you with a dagger of venom.
You are more poisoned.
You hit Ijyb.
You kill Ijyb!
You feel very sick.
* * * LOW HITPOINT WARNING * * *
You feel very sick.
You see here a poisoned needle.
You hit the jackal but do no damage.
The jackal is poisoned.
* * * LOW HITPOINT WARNING * * *
You feel very sick. The jackal completely misses you. The jackal misses you.
It was a potion of agility.
You feel agile all of a sudden.
Your transformation has ended.
You die...

###...# #.. ......#
##.#####.... #...........
#..#####.... ######
#..........# ......#
#..#####...#
.......#######..........#
###.....@(........####..#
#......h########### #...
.##...))# #... #......#
.... ........# ....
.......## .#.. ..[..<.
##. ....... # .......


You could see a jackal.

Vanquished Creatures
  Sigmund (D:2)
  A howler monkey (D:2)
  A jelly (D:3)
  An orc priest (D:3)
  Ijyb (D:3)
  Jessica (D:2)
  Terence (D:2)
  3 gnolls (D:2)
  An adder (D:3)
  An ooze (D:2)
  An adder skeleton (D:3)
  2 dart slugs (D:1)
  2 leopard geckos (D:1)
  7 orcs (D:3)
  3 giant cockroaches
  9 goblins
  4 hobgoblins
  8 jackals
  5 bats
  5 frilled lizards
  7 kobolds
  8 rats
73 creatures vanquished.

Notes
Turn   | Place    | Note
-------+----------+-------------------------------------------
     0 | D:1      | HANFGEIST the Octopode Transmuter began the quest for the Orb.
     0 | D:1      | Reached XP level 1. HP: 13/13 MP: 3/3
   285 | D:1      | Reached XP level 2. HP: 12/18 MP: 3/5
   292 | D:1      | Learned a level 2 spell: Sticks to Snakes
   706 | D:1      | Reached XP level 3. HP: 23/23 MP: 4/6
   984 | D:2      | Noticed Terence
  1108 | D:2      | Noticed Sigmund
  1114 | D:2      | Learned a level 3 spell: Spider Form
  1125 | D:2      | Killed Sigmund
  1125 | D:2      | Reached XP level 4. HP: 12/28 MP: 2/8
  1125 | D:2      | Reached XP level 5. HP: 15/33 MP: 2/9
  1548 | D:2      | Reached XP level 6. HP: 24/38 MP: 7/10
  1808 | D:2      | Noticed Jessica
  1811 | D:2      | Reached skill level 12 in Dodging
  1811 | D:2      | Reached XP level 7. HP: 9/43 MP: 0/11
  2118 | D:2      | Killed Terence
  2237 | D:2      | Killed Jessica
  3186 | D:3      | Noticed Ijyb
  3197 | D:3      | Killed Ijyb
  3200 | D:3      | Succumbed to Ijyb's poison

Vault maps used:
D:1:      minmay_arrival_glassed_features, minmay_tree_intersection
D:2:      uniq_jessica, uniq_sigmund, uniq_terence
D:3:      chequers_ecumenical_altar_twisty, minmay_misc_feat_rows,
          patterned_corridor, uniq_ijyb

Skill      XL: |  1  2  3  4  5  6  7 |
---------------+----------------------+-----
Stealth        | 2 3 |  3.0
Spellcasting   | 3 |  3.4
Transmutations | 3 |  3.5
Unarmed Combat | 4 |  4.2
Dodging        | 12 | 12.6
Fighting       | |  1.5
Poison Magic   | |  0.5

Action                   |  1- 3 |  4- 6 |  7- 9 || total
-------------------------+-------+-------+-------++-------
Melee: Unarmed           |    57 |    46 |   102 ||   205
       Constrict         |    14 |     8 |     9 ||    31
       Kick              |    10 |     5 |       ||    15
       Tentacles         |     4 |     5 |     3 ||    12
 Cast: Beastly Appendage |    18 |     4 |    10 ||    32
       Sticks to Snakes  |     4 |     3 |     1 ||     8
       Spider Form       |     1 |     4 |     7 ||    12
  Use: Potion            |       |     1 |     1 ||     2
       Scroll            |       |       |     2 ||     2
 Stab: Sleeping          |     5 |     2 |     2 ||     9
  Eat: Chunk             |     1 |     3 |     5 ||     9
Armor: Skin              |     9 |     3 |     2 ||    14
Dodge: Dodged            |    52 |    23 |    96 ||   171

Table legend:
 A = Spawn XP
 B = Non-spawn XP
 C = Spawn XP percentage of total XP
 D = Spawn monster count
 E = Non-spawn monster count
 F = Spawn count percentage of total count
 G = Total turns spent on level
                    A         B        C        D         E        F      G
               +---------+---------+-------+---------+---------+-------+---------
         Total |       0 |     641 |   0.0 |       0 |      73 |   0.0 |  3200
               +---------+---------+-------+---------+---------+-------+---------
           D:1 |       0 |      40 |   0.0 |       0 |      21 |   0.0 |   975
           D:2 |       0 |     423 |   0.0 |       0 |      28 |   0.0 |  1658
           D:3 |       0 |     178 |   0.0 |       0 |      24 |   0.0 |   567
               +---------+---------+-------+---------+---------+-------+---------
